cohdb
Replays
Latest Replays
All Replays
Popular Replays
Top Player Replays
Match Explorer
How It Works
Community
CoH3 Stats
Reddit
Sign in to upload your games and track your stats! →
Sign in with Steam
Match 41233017
Unlisted
Match 41233017
Overview
Messages
Build Orders
End
Construct Infanterie Kompanie
Selects Terror Battlegroup
Selects Machine Gun Camouflage
MG 42 Machine Gun Team
Grenadier Squad
GrW 34 Mortar Team
Grenadier Squad
Grenadier Squad
Infanterie Officer Quarters
Selects Interrogate
MG 42 Machine Gun Team
Construct Panzergrenadier Kompanie
Selects Jericho Trumpet
Construct Panzer Kompanie
Stoßtruppen Squad
Panzer Officer Quarters
Pak 40 Anti-tank Gun Team
Jericho Trumpet
Panzer IV Medium Tank
Selects V1 Rocket Strike
Jericho Trumpet
Stoßtruppen Squad
Selects No Quarter
Panzer IV Medium Tank
Jericho Trumpet
Panzer IV Medium Tank
V1 Rocket Strike
Panzer IV Medium Tank
Jericho Trumpet
Stoßtruppen Squad
Pioneer Squad
V1 Rocket Strike
Panzer IV Medium Tank
Medical Station
Phan
MrBlueSteel
SoldMyDad
cumsader
Pinhead Larry
Illusive Man
MathiasCZR01
Not Emily Willis™
0
0
Comments
sign in to comment!
No comments posted yet!